 Dungeon Crawl Stone Soup version 0.32-a0-20-ge526923d97 (webtiles) character file.

Game seed: 15454670938759369986

35608 case the Placeless Human (level 13, -10/102 HPs)
             Began as a Human Warper on Jan 17, 2024.
             Was the Champion of Qazlal.
             Mangled by a white ugly thing (26 damage)
             ... in an ice cave on Jan 18, 2024.
             The game lasted 01:24:00 (18784 turns).

case the Placeless Human (Human Warper)            Turns: 18784, Time: 01:24:00

Health: -10/102    AC: 23    Str: 20    XL:     13   Next: 84%
Magic:  20/34      EV: 12    Int: 14    God:    Qazlal [******]
Gold:   777        SH:  8    Dex: 15    Spells: 6/29 levels left

rFire   . . .        c - +5 woodcutter's axe
rCold   . . .        (shield currently unavailable)
rNeg    + . .        W - +2 troll leather armour {Snorg}
rPois   .            (no helmet)
rElec   .            A - +1 cloak
rCorr   .            t - +5 pair of gloves "Wos Imp" {rN+ MP+9}
SInv    .            T - +2 pair of boots
Will    .....        (no amulet)
Stlth   +            e - +6 ring of strength
HPRegen 1.17/turn    J - +4 ring of protection
MPRegen 0.24/turn

%: repel missiles
@: protected from physical damage
A: explore regen
a: Renounce Religion, Upheaval, Elemental Force, Disaster Area


You were in an ice cave.
You worshipped Qazlal.
Qazlal was exalted by your worship.
You visited 3 branches of the dungeon, and saw 17 of its levels.
You also visited: Bailey and Ice Cave.

You collected 1141 gold pieces.
You spent 364 gold pieces at shops.

Inventory:

Hand Weapons
 a - a +0 falchion
 c - the +5 woodcutter's axe (weapon)
   (You took it off a gnoll on level 4 of the Dungeon)
 x - a +2 spear of venom
 y - the +7 hand axe of Truth {freeze, ^Fragile rC+++ Int+5}
   (You took it off a gnoll on level 4 of the Dungeon)

   Int+5:     It affects your intelligence (+5).
   rC+++:     It renders you almost immune to cold.
   ^Fragile:  It will be destroyed if unequipped.
Missiles
 d - 7 darts of dispersal (quivered)
 u - 17 poisoned darts
 E - 12 curare-tipped darts
 K - 2 atropa-tipped darts
Armour
 t - the +5 pair of gloves "Wos Imp" (worn) {rN+ MP+9}
   (You found it on level 4 of the Dungeon)

   rN+:       It protects you from negative energy.
   MP+9:      It affects your magic capacity (+9).
 A - a +1 cloak (worn)
 C - a +3 chain mail of fire resistance
 T - a +2 pair of boots (worn)
 W - a +2 troll leather armour (worn) {Snorg}
Magical Staves
 b - a staff of alchemy
 N - a staff of cold
Jewellery
 e - a +6 ring of strength (left hand)
 m - a ring of protection from fire
 o - an amulet of guardian spirit
 J - a +4 ring of protection (right hand)
 R - a +6 ring of dexterity
 U - a ring of resist corrosion
 V - a +6 ring of dexterity
Wands
 q - a wand of flame (51)
 M - a wand of mindburst (14)
Scrolls
 i - 3 scrolls of teleportation
 j - 4 scrolls of summoning
 n - a scroll of enchant weapon
 p - a scroll of torment
 w - 2 scrolls of immolation
 z - a scroll of enchant armour
 B - 2 scrolls of identify
 D - a scroll of brand weapon {unknown}
 F - 2 scrolls of revelation
 H - a scroll of fear
 P - 2 scrolls of poison
Potions
 f - 3 potions of curing
 g - 2 potions of mutation {unknown}
 h - 6 potions of haste
 k - 3 potions of lignification {unknown}
 l - a potion of brilliance {unknown}
 r - 3 potions of resistance {unknown}
 s - 5 potions of enlightenment {unknown}
 v - a potion of berserk rage {unknown}
 G - 3 potions of invisibility
 L - 2 potions of heal wounds {unknown}
 O - 2 potions of degeneration {unknown}
 Q - 3 potions of attraction {unknown}
 S - a potion of magic {unknown}
Miscellaneous
 I - a tin of tremorstones (2/2)


   Skills:
 * Level 9.7 Fighting
 - Level 4.0 Long Blades
 - Level 1.0 Throwing
 - Level 1.0 Armour
 - Level 2.0 Dodging
 * Level 8.6 Spellcasting
 * Level 9.5 Conjurations
 - Level 12.6 Translocations
 + Level 8.1 Ice Magic
 + Level 8.5 Air Magic


You had 6 spell levels left.
You knew the following spells:

 Your Spells              Type           Power      Damage    Failure   Level
a - Freeze                Ice            100%       1d10      1%          1
b - Blink                 Tloc           82%        N/A       1%          2
c - Teleport Other        Tloc           41%        N/A       1%          3
d - Lesser Beckoning      Tloc           82%        N/A       1%          2
e - Manifold Assault      Tloc           41%        N/A       1%          4
f - Mephitic Cloud        Conj/Alch/Air  22%        N/A       3%          3
g - Freezing Cloud        Conj/Ice/Air   15%        6-21      11%         5
h - Hailstorm             Conj/Ice       30%        3d8       1%          3

Your spell library contained the following spells:

 Spells                   Type           Power      Damage    Failure   Level
 Kiss of Death            Conj/Necr      76%        2d11      1%          1
 Shock                    Conj/Air       100%       1d9       1%          1
 Frozen Ramparts          Ice            56%        1d9       1%          3
 Swiftness                Air            29%        N/A       1%          3
 Vhi's Electric Charge    Tloc/Air       70%        N/A       1%          4
 Mercury Vapours          Alch/Air       34%        N/A       3%          2
 Volatile Blastmotes      Fire/Tloc      46%        2d13      3%          3
 Ensorcelled Hibernation  Hex/Ice        34%        N/A       4%          2
 Airstrike                Air            14%        2d(3-19)  4%          4
 Dazzling Flash           Conj/Hex       38%        N/A       6%          3
 Cigotuvi's Dreadful Rot  Necr/Alch/Air  26%        N/A       7%          2
 Summon Ice Beast         Ice/Summ       17%        N/A       9%          3
 Sublimation of Blood     Necr           6%         N/A       22%         2
 Confusing Touch          Hex            6%         N/A       41%         3
 Fugue of the Fallen      Necr           6%         N/A       41%         3
 Irradiate                Conj/Alch      9%         3d14      50%         5
 Anguish                  Hex/Necr       3%         N/A       82%         4
 Dispel Undead            Necr           6%         3d8       82%         4
 Ignite Poison            Fire/Alch      6%         N/A       82%         4
 Petrify                  Alch/Erth      6%         N/A       82%         4
 Starburst                Conj/Fire      9%         6d5       97%         6
 Summon Mana Viper        Hex/Summ       6%         N/A       99%         5
 Monstrous Menagerie      Summ           3%         N/A       100%        7
 Summon Hydra             Summ           3%         N/A       100%        7
 Maxwell's Capacitive Co  Air            14%        ∞         100%        8


Dungeon Overview and Level Annotations

Branches:
Dungeon (11/15)            Temple (0/1) D:5            Lair (5/5) D:10
 Shoals (0/4) Lair:2        Snake (0/4) Lair:2        Slime (0/5) Lair:5
    Orc (1/2) D:11         Bailey (visited)           IceCv (1/1)

Altars:
Cheibriados
Fedhas
Qazlal
Sif Muna
Uskayaw
Vehumet
Wu Jian
Zin
The Shining One

Shops:
D:4 *   D:9 [   D:10 *::

Annotations:
D:3 2 transporters, xnavy's ghost, amateur DjCA
D:6 1 runed translucent door
Lair:2 exclusion: oklob plant
Lair:5 exclusion: 4 oklob plants


Innate Abilities, Weirdness & Mutations

You regain HP and MP as you explore.


Message History

You hit the cane toad simulacrum but do no damage.
The white ugly thing tail-slaps you. The white ugly thing freezes you!!
The cane toad simulacrum closely misses you.
You slash the white ugly thing!
The white ugly thing is almost dead.
You slash the cane toad simulacrum! The white ugly thing barely misses you.
The cane toad simulacrum hits you. The cane toad simulacrum freezes you!
You closely miss the white ugly thing.
The white ugly thing is almost dead.
You hit the cane toad simulacrum.
You block the white ugly thing's attack.
The cane toad simulacrum hits you.
* * * LOW HITPOINT WARNING * * *
The cane toad simulacrum freezes you!
* * * LOW HITPOINT WARNING * * *
Okay, then.
You feel better.
You block the white ugly thing's attack.
The cane toad simulacrum hits you but does no damage.
The white ugly thing is engulfed in freezing vapours.
The cane toad simulacrum attacks as it pursues you!
The cane toad simulacrum hits you but does no damage.
The cane toad simulacrum attacks as it pursues you!
You block the cane toad simulacrum's attack.
Casting: Manifold Assault (mildly dangerous; 1% risk of failure)
Confirm with . or Enter, or press ? or * to list all spells.
Space momentarily warps into an impossible shape!
You hit the death yak simulacrum. You hit the white ugly thing.
You hit the cane toad simulacrum.
You block the white ugly thing's attack.
The cane toad simulacrum closely misses you.
You slash the white ugly thing!
The white ugly thing is almost dead.
You hit the cane toad simulacrum.
The cane toad simulacrum vaporises!
Qazlal accepts your kill. The white ugly thing tail-slaps you!
* * * LOW HITPOINT WARNING * * *
The white ugly thing freezes you!!
You die...

#######
##.....# ..
##......#
....#......○#
.......∩.u°.#
....#..Z☼○@°#
.. ##.○.§○§#
##.....#
#######


You could see a white ugly thing and a death yak simulacrum.

Vanquished Creatures
  Snorg (Lair:4)
  3 hydras
  2 boulder beetles
  A catoblepas (Lair:2)
  A two-headed ogre (D:10)
  6 death yaks (Lair:4)
  A skyshark (Lair:2)
  A lindwurm (Lair:5)
  An orc knight (Bailey)
  A deep elf zephyrmancer (Bailey)
  An oklob plant (Lair:4)
  5 black mambas
  12 cane toads
  4 rime drakes (Lair:4)
  6 komodo dragons
  A polar bear (Lair:4)
  A troll (D:8)
  14 blink frogs
  Sigmund (D:5)
  3 wyverns
  A shadow (D:10)
  3 basilisks
  31 yaks
  2 wargs (D:11)
  A death yak simulacrum (IceCv)
  3 steam dragons
  4 vampire mosquitoes (D:11)
  2 nagas (Lair:2)
  7 water moccasins
  A swamp drake (Lair:4)
  Duvessa (D:7)
  10 orc warriors
  2 sky beasts (D:8)
  3 black bears
  An ice beast (D:8)
  13 wolves
  3 centaurs
  A kobold brigand (D:8)
  A phantom (D:3)
  A gnoll sergeant (D:4)
  9 bullfrogs
  A cane toad simulacrum (IceCv)
  3 necrophages (Lair:3)
  6 scorpions
  8 wights (D:7)
  Dowan (D:7)
  3 elephant simulacra (IceCv)
  9 killer bees
  A howler monkey (D:5)
  3 bombardier beetles
  8 crimson imps (D:6)
  3 hounds
  A gnoll bouda (D:4)
  4 orc priests
  4 iguanas
  Jessica (D:3)
  13 orc wizards
  11 gnolls (D:4)
  3 adders
  2 shadow imps (D:5)
  2 white imps
  2 ufetubi (D:6)
  A dart slug (D:2)
  2 ribbon worms
  63 orcs
  8 ball pythons
  4 bats
  6 endoplasms
  5 giant cockroaches
  9 goblins
  10 hobgoblins
  8 jackals
  12 kobolds
  6 quokkas
  6 frilled lizards
  10 rats
  5 butterflies
410 creatures vanquished.

Vanquished Creatures (others)
  A centaur (Lair:2)
  2 orc wizards
3 creatures vanquished.

Grand Total: 413 creatures vanquished

Notes
Turn   | Place    | Note
-------+----------+-------------------------------------------
     0 | D:1      | case the Human Warper began the quest for the Orb.
     0 | D:1      | Reached XP level 1. HP: 16/16 MP: 3/3
     8 | D:1      | Learned a level 1 spell: Freeze
   144 | D:1      | Reached XP level 2. HP: 22/22 MP: 5/5
   429 | D:1      | Reached skill level 1 in Ice Magic
   508 | D:1      | Reached XP level 3. HP: 23/27 MP: 6/6
   685 | D:2      | Found a faded altar of an unknown god.
   719 | D:2      | Prayed at the altar of an unknown god.
   719 | D:2      | Became a worshipper of Qazlal Stormbringer
   719 | D:2      | Reached * piety under Qazlal
   813 | D:2      | Learned a level 2 spell: Blink
  1019 | D:2      | Reached skill level 4 in Translocations
  1282 | D:2      | Reached XP level 4. HP: 13/33 MP: 2/7
  1372 | D:3      | Found a transporter.
  1377 | D:3      | Noticed xnavy's ghost (amateur DjCA)
  1383 | D:3      | Found a transporter.
  1673 | D:3      | Reached ** piety under Qazlal
  2186 | D:3      | Noticed a phantom
  2188 | D:3      | Noticed Jessica
  2203 | D:3      | Killed a phantom
  2204 | D:3      | Reached XP level 5. HP: 31/38 MP: 6/8
  2211 | D:3      | Killed Jessica
  2535 | D:4      | Reached skill level 5 in Translocations
  2602 | D:4      | Found a glowing silver altar of Zin.
  2639 | D:4      | Found a radiant altar of Vehumet.
  2789 | D:4      | Found a hide-covered altar of Uskayaw.
  2812 | D:4      | Reached XP level 6. HP: 24/44 MP: 5/9
  2818 | D:4      | Learned a level 3 spell: Teleport Other
  2904 | D:4      | Identified the +5 pair of gloves "Wos Imp" {rN+ MP+9}
  3004 | D:4      | Found Nigaobawk's General Store.
  3217 | D:4      | Learned a level 2 spell: Lesser Beckoning
  3296 | D:4      | You fall into a shaft and drop 3 floors!
  3891 | D:6      | Found a runed translucent door.
  3893 | D:6      | Found a runed translucent door.
  3911 | D:6      | Noticed an orc warrior
  3985 | D:7      | Upgraded the game from 0.32-a0-18-g89e19f1974 to
                  | 0.32-a0-20-ge526923d97
  4150 | D:7      | Reached skill level 6 in Translocations
  4150 | D:7      | Reached XP level 7. HP: 22/49 MP: 10/10
  4387 | D:5      | Entered Level 5 of the Dungeon
  4549 | D:5      | Noticed Sigmund
  4985 | D:4      | Identified the +7 hand axe of Truth {freeze, ^Fragile rC+++
                  | Int+5}
  5341 | D:4      | Reached skill level 7 in Translocations
  5418 | D:4      | Reached XP level 8. HP: 32/56 MP: 11/11
  5620 | D:5      | Killed Sigmund
  5621 | D:5      | Reached skill level 8 in Translocations
  5872 | D:5      | Found a snail-covered altar of Cheibriados.
  6099 | D:5      | Found a staircase to the Ecumenical Temple.
  6583 | D:6      | Reached XP level 9. HP: 40/65 MP: 13/13
  6591 | D:6      | Reached skill level 9 in Translocations
  6732 | D:6      | Found an ornate altar of the Wu Jian Council.
  6997 | D:6      | Learned a level 4 spell: Manifold Assault
  7293 | D:7      | Reached *** piety under Qazlal
  7589 | D:7      | Noticed Duvessa
  7595 | D:7      | Noticed Dowan
  7816 | D:7      | Killed Duvessa
  7846 | D:7      | Reached skill level 5 in Fighting
  7858 | D:7      | Killed Dowan
  8176 | D:7      | Reached skill level 10 in Translocations
  9046 | D:8      | Noticed a gargoyle
  9284 | D:8      | Noticed a troll
  9321 | D:8      | Killed a troll
  9322 | D:8      | Reached XP level 10. HP: 69/76 MP: 4/17
  9552 | D:8      | Reached skill level 5 in Spellcasting
  9740 | D:9      | Found a flagged portal.
  9745 | Bailey   | Entered a bailey
  9785 | Bailey   | Reached skill level 11 in Translocations
  9794 | Bailey   | Reached **** piety under Qazlal
  9855 | Bailey   | Noticed an orc knight
  9873 | Bailey   | Killed an orc knight
  9975 | Bailey   | Found a large runed translucent door.
  9975 | Bailey   | Found a large runed translucent door.
  9976 | Bailey   | Noticed a deep elf zephyrmancer
 10150 | Bailey   | Killed a deep elf zephyrmancer
 10176 | Bailey   | Got A Thorough Guide to Witchcraft
 10610 | D:9      | Found Kuweduosh's Antique Armour Emporium.
 10787 | D:9      | Found a blossoming altar of Fedhas.
 10982 | D:9      | Reached skill level 12 in Translocations
 11319 | D:10     | Entered Level 10 of the Dungeon
 11319 | D:10     | Noticed a two-headed ogre
 11337 | D:9      | Reached XP level 11. HP: 35/84 MP: 3/20
 11421 | D:10     | Found Kuetsoni's Book Shoppe.
 11685 | D:10     | Found Rifear's Assorted Antiques.
 11823 | D:10     | Killed a two-headed ogre
 11889 | D:10     | Bought a book of Vapours for 364 gold pieces
 11893 | D:10     | Learned a level 3 spell: Mephitic Cloud
 11898 | D:10     | Found a staircase to the Lair.
 12010 | D:10     | Found Baycsif's Book Emporium.
 12245 | D:10     | Reached skill level 1 in Conjurations
 12245 | D:10     | Reached skill level 1 in Air Magic
 12372 | D:10     | Learned a level 5 spell: Freezing Cloud
 12626 | D:10     | Found a glowing golden altar of the Shining One.
 12638 | D:11     | Noticed a boulder beetle
 12700 | D:11     | Killed a boulder beetle
 13072 | D:11     | Reached skill level 5 in Ice Magic
 13111 | D:11     | Found a staircase to the Orcish Mines.
 13161 | D:11     | Reached ***** piety under Qazlal
 13679 | Orc:1    | Entered Level 1 of the Orcish Mines
 13679 | Orc:1    | Noticed an orc knight
 13785 | Lair:1   | Entered Level 1 of the Lair of Beasts
 14289 | Lair:1   | Reached skill level 5 in Conjurations
 14289 | Lair:1   | Reached skill level 5 in Air Magic
 14861 | Lair:2   | Reached XP level 12. HP: 92/92 MP: 21/21
 15144 | Lair:2   | Noticed a catoblepas
 15217 | Lair:2   | Killed a catoblepas
 15466 | Lair:2   | Found a shimmering blue altar of Sif Muna.
 15526 | Lair:2   | Found a staircase to the Shoals.
 15591 | Lair:2   | Found a staircase to the Snake Pit.
 16037 | Lair:3   | Noticed a skyshark
 16048 | Lair:2   | Killed a skyshark
 16710 | Lair:3   | Learned a level 3 spell: Hailstorm
 17044 | Lair:4   | Noticed a seven-headed hydra
 17054 | Lair:4   | Noticed an eight-headed hydra
 17070 | Lair:4   | Killed a seven-headed hydra
 17077 | Lair:4   | Noticed a death yak
 17077 | Lair:4   | Noticed a death yak
 17078 | Lair:4   | Noticed a death yak
 17092 | Lair:4   | Noticed a death yak
 17096 | Lair:4   | Noticed a death yak
 17096 | Lair:4   | Killed an eight-headed hydra
 17097 | Lair:4   | Noticed a death yak
 17104 | Lair:4   | Killed a death yak
 17111 | Lair:4   | Noticed a boulder beetle
 17141 | Lair:4   | Reached XP level 13. HP: 41/98 MP: 9/23
 18454 | Lair:5   | Entered Level 5 of the Lair of Beasts
 18454 | Lair:5   | Noticed Snorg
 18454 | Lair:5   | Found a staircase to the Slime Pits.
 18469 | Lair:4   | Killed Snorg
 18730 | Lair:5   | Reached ****** piety under Qazlal
 18749 | Lair:5   | Found a frozen archway.
 18757 | IceCv    | Entered an ice cave
 18784 | IceCv    | Mangled by a white ugly thing

Illustrated notes

Levels and vault maps discovered:
D:1:      minmay_arrival_four_circles, layout_basic, nrook_campfire,
          amethyst_killhole
D:2:      layout_loops_ring, ebering_ecumenical_altar_mist,
          minmay_misc_feat_roman
D:3:      layout_basic, gammafunk_ghost_mausoleum, uniq_jessica
D:4:      layout_basic, lemuel_tele_altar, vehumet_altar_wand_db,
          nicolae_overflow_crystal_walls, serial_shops, nicolae_stop_n_shop_2,
          pf_guarded_unrand_woodcutter
D:5:      layout_basic, lemuel_doored_altar,
          minmay_temple_entry_enclosed_plants, chequers_serial_rivers_room_a,
          serial_bayou_pond_b, uniq_sigmund
D:6:      lemuel_insect_pit, layout_basic, pdpol_wu_jian_five_deadly_venoms,
          minivault_10, minmay_nine_imps
D:7:      layout_layer_cave, uniq_duvessa
D:8:      layout_basic, lightli_temple_of_fire, hangedman_decor_riveting
D:9:      layout_basic, mainiacjoe_overflow_alcove_1, enter_bailey_3,
          serial_shops, nicolae_shop_waterfront
D:10:     layout_loops_cross, tso_oasis_becter, erik_lair_orcish_takeover,
          serial_shops, shop, nicolae_shop_dealshenge, shop
D:11:     nicolae_cairo_tiling_large, layout_small_grid, david_orc_3
Lair:1:   layout_cave_pods, grunt_megastairs_4, lemuel_fruit_fields
Lair:2:   layout_cave_pods, minmay_shoals_entry_centaurs,
          guppyfry_snake_entry_garden, chequers_serial_rivers_small_a,
          lemuel_oklob_altar
Lair:3:   layout_hall_layers, roderic_carrion_pond, serial_bayou_shore_b
Lair:4:   layout_small_grid, minmay_lair_oklob_bushes, guppyfry_lair_drakes
Lair:5:   minmay_lair_end_enchanted_forest, layout_cave_shapes,
          minmay_slime_entry_oklob_open, portal_ice_cave_entry_pillars_2,
          uniq_snorg
Orc:1:    layout_caves, gammafunk_ghost_fury_of_okawaru, serial_shops,
          nicolae_shop_back_alley_shop, uniq_fannar
IceCv:    ice_cave_statue_garden_chambered

Skill      XL: |  1  2  3  4  5  6  7  8  9 10 11 12 13 |
---------------+----------------------------------------+-----
Ice Magic      | 1 2 3 4 5 7 8 |  8.1
Translocations | 4 5 6 7 8 10 12 | 12.6
Long Blades    | 3 4 |  4.0
Fighting       | 4 5 7 8 9 |  9.7
Spellcasting   | 3 4 6 7 8 |  8.6
Conjurations   | 5 8 9 |  9.5
Air Magic      | 5 7 8 |  8.5
Throwing       | |  1.0
Armour         | |  1.0
Dodging        | |  2.0

Action                     |  1- 3 |  4- 6 |  7- 9 | 10-12 | 13-15 || total
---------------------------+-------+-------+-------+-------+-------++-------
  Melee: Falchion          |    97 |   183 |    29 |       |       ||   309
         Punch             |     2 |     2 |       |       |       ||     4
         Spear             |       |       |     6 |       |     2 ||     8
         Battleaxe         |       |       |   244 |   630 |   203 ||  1077
   Cast: Freeze            |    20 |    50 |    29 |       |       ||    99
         Blink             |       |     5 |     2 |     3 |       ||    10
         Lesser Beckoning  |       |    10 |    23 |    30 |     2 ||    65
         Teleport Other    |       |     4 |     4 |     6 |       ||    14
         Manifold Assault  |       |       |    37 |   139 |    33 ||   209
         Mephitic Cloud    |       |       |       |     6 |     3 ||     9
         Freezing Cloud    |       |       |       |     6 |     8 ||    14
         Hailstorm         |       |       |       |     1 |     2 ||     3
 Invoke: Upheaval          |       |     4 |     4 |       |       ||     8
    Use: Scroll            |     1 |     5 |     5 |    15 |       ||    26
         Potion            |     1 |     1 |     1 |     4 |     1 ||     8
   Stab: Confused          |       |       |       |     5 |     2 ||     7
 Armour: Leather armour    |    77 |   173 |   182 |     1 |       ||   433
         Troll leather arm |       |       |       |   384 |   116 ||   500
  Dodge: Dodged            |    76 |   210 |   146 |   230 |    59 ||   721
         Repelled          |       |       |       |     4 |     3 ||     7
  Block: Other             |     1 |    20 |    24 |   111 |    40 ||   196

Table legend: (Time is in decaauts)
 A = Elapsed time spent in this place.
 B = Non-inter-level travel time spent in this place.
 C = Inter-level travel time spent in this place.
 D = Time resting spent in this place.
 E = Time spent auto-exploring this place.
 F = Levels seen in this place.
 G = Mean time per level.
                   A        B        C        D        E       F      G
               +--------+--------+--------+--------+--------+-----+--------+
         Total |  18835 |  18137 |    698 |    984 |  12911 |  19 |  991.3 |
       Dungeon |  13364 |  12889 |    475 |    593 |   9282 |  11 | 1214.9 |
          Lair |   4967 |   4744 |    223 |    391 |   3404 |   5 |  993.4 |
  Orcish Mines |      6 |      6 |      0 |      0 |      0 |   1 |    6.0 |
        Bailey |    469 |    469 |      0 |      0 |    224 |   1 |  469.0 |
      Ice Cave |     26 |     26 |      0 |      0 |      0 |   1 |   26.0 |
               +--------+--------+--------+--------+--------+-----+--------+

Top non-repeatable levels by time:
     D:7: 2533 daAuts
     D:4: 1447 daAuts
  Lair:4: 1388 daAuts
  Lair:2: 1374 daAuts
     D:9: 1368 daAuts
     D:3: 1348 daAuts
     D:6: 1223 daAuts
    D:10: 1195 daAuts
     D:5: 1096 daAuts
    D:11: 1095 daAuts
  Lair:3: 1018 daAuts
  Lair:1: 987 daAuts
     D:2: 723 daAuts
     D:8: 689 daAuts
     D:1: 643 daAuts
